 Dungeon Crawl Stone Soup version 0.23.2-1-ga50397a6bc (webtiles) character file.

Game seed: 17781998704192802741

5322 FluffierThanThou the Fighter (level 10, -4/94 HPs)
             Began as a Minotaur Fighter on May 16, 2019.
             Was a Follower of Okawaru.
             Slain by a two-headed ogre
             ... wielding a +0 giant club
              (20 damage)
             ... on level 9 of the Dungeon.
             The game lasted 00:20:38 (7024 turns).

FluffierThanThou the Fighter (Minotaur Fighter)     Turns: 7024, Time: 00:20:39

Health: -4/94      AC: 12    Str: 32 (35) XL:     10   Next: 38%
Magic:  9/9        EV: 11    Int:  2 (5)  God:    Okawaru [*.....]
Gold:   356        SH: 12    Dex:  7 (10) Spells: 9/9 levels left

rFire    . . .     SeeInvis .   t - +6 scimitar "Kekigyts" {venom, -Tele rN+ Str+6}
rCold    . . .     Gourm    .   c - +0 shield
rNeg     + . .     Faith    .   b - +0 scale mail
rPois    .         Spirit   .   (helmet restricted)
rElec    .         Reflect  .   (no cloak)
rCorr    .         Harm     .   B - +2 pair of gloves {archery}
MR       .....     NoTele   +   E - +0 pair of boots
Stlth    ..........             (no amulet)
HPRegen  0.25/turn              (no ring)
MPRegen  0.11/turn              (no ring)

@: mighty
A: retaliatory headbutt, horns 2
a: Heroism, Renounce Religion


You were on level 9 of the Dungeon.
You worshipped Okawaru.
Okawaru was aware of your devotion.
You were not hungry.

You visited 2 branches of the dungeon, and saw 10 of its levels.

You collected 356 gold pieces.

Inventory:

Hand Weapons
 a - a +0 war axe
 t - the +6 scimitar "Kekigyts" (weapon) {venom, -Tele rN+ Str+6}
   (You found it on level 5 of the Dungeon)

   It poisons the flesh of those it strikes.
   It affects your strength (+6).
   It protects you from negative energy.
   It prevents most forms of teleportation.
Armour
 b - a +0 scale mail (worn)
 c - a +0 shield (worn)
 s - a +0 pair of gloves
 B - a +2 pair of gloves of archery (worn)
 E - a +0 pair of boots (worn)
Jewellery
 w - a cursed amulet of inaccuracy {unknown}
Wands
 A - a wand of disintegration (10)
 D - a wand of acid (8)
 H - a wand of digging (4)
Scrolls
 g - 9 scrolls of remove curse {unknown}
 h - a scroll of blinking {unknown}
 i - 7 scrolls of identify {unknown}
 j - 2 scrolls of random uselessness {unknown}
 k - 3 scrolls of enchant weapon {unknown}
 o - 4 scrolls of teleportation {unknown}
 q - a scroll of amnesia {unknown}
 r - 4 scrolls of magic mapping {unknown}
 v - 3 scrolls of immolation {unknown}
 x - a scroll of vulnerability {unknown}
 y - a scroll of enchant armour {unknown}
 F - 2 scrolls of fog {unknown}
 G - a scroll of acquirement {unknown}
Potions
 d - 2 potions of might
 e - 2 potions of agility {unknown}
 l - 4 potions of degeneration
 m - a potion of heal wounds {unknown}
 n - 3 potions of resistance {unknown}
 p - a potion of experience {unknown}
 u - a potion of haste
 z - 2 potions of brilliance {unknown}
 C - 2 potions of flight {unknown}
Comestibles
 f - 14 rations


   Skills:
 * Level 10.6 Fighting
 * Level 8.5 Long Blades
 - Level 4.3 Axes
 + Level 8.1 Armour
 + Level 6.3 Dodging
 + Level 8.1 Shields


You had 9 spell levels left.
You didn't know any spells.
Your spell library contained the following spells:

 Spells                   Type           Power        Failure   Level  Hunger
 Apportation              Tloc           #.....       96%         1    ##.....
 Force Lance              Conj/Tloc      #.......     100%        4    #####..
 Conjure Ball Lightning   Conj/Air       #.........   100%        6    #######
 Tornado                  Air            #.........   100%        9    #######


Dungeon Overview and Level Annotations

Branches:
Dungeon (9/15)             Temple (1/1) D:7
   Lair: D:8-11         Orc: D:9-12

Altars:
Ashenzari
Cheibriados
Dithmenos
Elyvilon
Fedhas
Gozag
Hepliaklqana
Kikubaaqudgha
Makhleb
Nemelex Xobeh
Okawaru
Qazlal
Ru
Trog
Uskayaw
Vehumet
Wu Jian
Xom
Yredelemnul
Zin
The Shining One

Shops:
D:5 =   D:6 [

Annotations:
D:6 1 exclusion, Blork the orc


Innate Abilities, Weirdness & Mutations

You reflexively headbutt those who attack you in melee.
You have a pair of horns on your head.


Message History

Your Armour skill increases to level 8!
Your Shields skill increases to level 8!
A hound comes into view.
You block the ogre's attack.
You slice the ogre!!
You kill the ogre!
Okawaru accepts your kill.
The two-headed ogre hits you with a +0 giant club!
* * * LOW HITPOINT WARNING * * *
The two-headed ogre hits you with a +0 giant club.
* * * LOW HITPOINT WARNING * * *
It was a potion of degeneration.
There was something very wrong with that liquid.
You feel weakened.
You feel dopey.
You feel clumsy. You block the two-headed ogre's attack.
The two-headed ogre hits you with a +0 giant club.
* * * LOW HITPOINT WARNING * * *
You closely miss the two-headed ogre.
The two-headed ogre hits you with a +0 giant club!!
You die...

###########
#..........
#..........
#..........
###.#..>)..>...
.......@)......
........O....%.
#####..........
#....h.....
#..........
#####.....#
#..### ...


You could see a two-headed ogre and a hound.

Vanquished Creatures
  Harold (D:7)
  A two-headed ogre (D:9)
  2 hippogriffs
  Menkaure (D:7)
  2 water moccasins
  2 orc warriors
  An ice beast (D:6)
  A sky beast (D:6)
  A phantom (D:7)
  6 ogres
  4 centaurs
  A big kobold (D:6)
  4 bullfrogs
  A wyvern skeleton (D:8)
  3 killer bees (D:5)
  5 crimson imps
  A bullfrog zombie (D:8)
  6 hounds
  6 orc priests
  2 jellies
  2 bullfrog skeletons
  A centaur skeleton (D:4)
  An iguana (D:7)
  14 orc wizards
  5 worker ants
  A worker ant zombie (D:7)
  7 gnolls
  7 adders
  3 shadow imps
  An adder skeleton (D:6)
  2 worms
  2 dart slugs
  3 leopard geckos
  32 orcs
  2 ball pythons
  6 bats
  4 giant cockroaches
  4 goblins (D:1)
  A hobgoblin (D:2)
  14 jackals
  2 quokkas
  3 frilled lizards
  12 kobolds
  A leopard gecko skeleton (D:4)
  7 rats
188 creatures vanquished.

Notes
Turn   | Place    | Note
-------+----------+-------------------------------------------
     0 | D:1      | FluffierThanThou the Minotaur Fighter began the quest for
                  | the Orb.
     0 | D:1      | Reached XP level 1. HP: 19/19 MP: 0/0
   187 | D:1      | Reached XP level 2. HP: 27/27 MP: 1/1
   212 | D:1      | Reached skill level 4 in Fighting
   661 | D:2      | Reached XP level 3. HP: 22/33 MP: 2/2
   670 | D:2      | Reached skill level 1 in Dodging
  1189 | D:2      | Reached XP level 4. HP: 41/41 MP: 3/3
  2073 | D:4      | Noticed an ogre
  2077 | D:4      | Reached skill level 5 in Fighting
  2077 | D:4      | Reached XP level 5. HP: 46/48 MP: 4/4
  2083 | D:4      | Killed an ogre
  2209 | D:4      | Found a basalt altar of Yredelemnul.
  2345 | D:4      | Reached XP level 6. HP: 49/56 MP: 5/5
  2488 | D:5      | Entered Level 5 of the Dungeon
  2542 | D:5      | Reached skill level 6 in Fighting
  2542 | D:5      | Reached skill level 5 in Armour
  2542 | D:5      | Reached skill level 5 in Shields
  2847 | D:5      | Reached XP level 7. HP: 47/64 MP: 6/6
  2855 | D:5      | Found Gythusar's Jewellery Boutique.
  2862 | D:5      | Got a polished scimitar
  2863 | D:5      | Identified the +6 scimitar "Kekigyts" {venom, -Tele rN+
                  | Str+6} (You found it on level 5 of the Dungeon)
  2998 | D:5      | Reached skill level 1 in Long Blades
  3339 | D:5      | Reached skill level 7 in Fighting
  3658 | D:6      | Found Tamethoj's Armour Shop.
  3666 | D:6      | Reached XP level 8. HP: 33/73 MP: 7/7
  3894 | D:6      | Found an iron altar of Okawaru.
  4053 | D:6      | Found a glowing silver altar of Zin.
  4105 | D:6      | Reached skill level 8 in Fighting
  4131 | D:6      | Found a radiant altar of Vehumet.
  4133 | D:6      | Found an opulent altar of Gozag.
  4197 | D:6      | Reached skill level 5 in Long Blades
  4401 | D:6      | Noticed Blork the orc
  4720 | D:6      | Reached XP level 9. HP: 72/82 MP: 8/8
  4871 | D:7      | Reached skill level 5 in Dodging
  4891 | D:7      | Noticed Harold
  4904 | D:7      | Killed Harold
  4904 | D:7      | Reached skill level 9 in Fighting
  5027 | D:7      | Identified the Almanac of Dislocated Air
  5157 | D:7      | Found a staircase to the Ecumenical Temple.
  5225 | D:7      | Noticed Menkaure
  5227 | D:7      | Reached skill level 10 in Fighting
  5577 | D:7      | Killed Menkaure
  5798 | D:7      | Found a burning altar of Makhleb.
  5830 | Temple   | Entered the Ecumenical Temple
  6005 | D:6      | Became a worshipper of Warmaster Okawaru
  6087 | D:7      | Found an ancient bone altar of Kikubaaqudgha.
  6452 | D:8      | Reached XP level 10. HP: 82/93 MP: 9/9
  6566 | D:8      | Found a hide-covered altar of Uskayaw.
  6566 | D:8      | Found a sparkling altar of Nemelex Xobeh.
  6574 | D:8      | Found a hazy altar of Hepliaklqana.
  6575 | D:8      | Found a snail-covered altar of Cheibriados.
  7013 | D:9      | Noticed a two-headed ogre
  7015 | D:9      | Noticed a two-headed ogre
  7021 | D:9      | Killed a two-headed ogre
  7021 | D:9      | Reached * piety under Okawaru
  7024 | D:9      | Slain by a two-headed ogre

Skill      XL: |  1  2  3  4  5  6  7  8  9 10 |
---------------+-------------------------------+-----
Fighting       | 4 5 6 7 8 10 | 10.6
Axes           | 3 4 |  4.3
Armour         | 4 5 6 7 8 |  8.1
Shields        | 4 5 6 7 8 |  8.1
Dodging        | 1 2 3 4 5 6 |  6.3
Long Blades    | 3 5 7 8 |  8.5

Action                   |  1- 3 |  4- 6 |  7- 9 | 10-12 || total
-------------------------+-------+-------+-------+-------++-------
Melee: War axe           |    78 |    92 |       |       ||   170
       Headbutt          |    11 |    16 |    47 |     9 ||    83
       Scimitar          |       |       |   217 |    47 ||   264
  Use: Potion            |       |       |       |     2 ||     2
  Eat: Chunk             |       |     6 |     8 |     2 ||    16
       Ration            |       |       |     1 |       ||     1
Armor: Scale mail        |    28 |    28 |    61 |    13 ||   130
Dodge: Dodged            |    25 |    35 |    67 |     9 ||   136
Block: Shield            |    35 |    43 |   135 |    23 ||   236
       Rpst.: Scimitar   |       |       |    15 |     3 ||    18
